AoeStats
← The Angry Koala

Arabian Desert

508894234Analyzed
1v1 RM · 7d ago on Sep 24, 2026· 41m 32s· 2 players
Game mode
Random Map
Map size
Tiny (2 player)
Population
200
Speed
Normal
Resources
Standard
Victory
Conquest
Starting age
Dark Age
Ending age
Imperial Age
RankedLock teamsTeams togetherTeam positionsShared explorationLock speedFull tech treeHidden civsTurbo modeCheats
Victory
Defeat
🇦🇷 Huns · Argentina
998
+16
🇬🇧 Sicilians · United Kingdom
995
-16
TeatedLattice72
7:51 Loom
10:20 Feudal Age
12:44 Double-Bit Axe
19:37 Fletching
19:48 Scale Mail Armor
21:07 Forging
24:17 Horse Collar
29:26 Castle Age
30:15 Pikeman
34:40 Bow Saw
34:46 Bodkin Arrow
38:19 Sanctity
38:27 Chain Mail Armor
The Angry Koala
6:04 Loom
8:43 Feudal Age
9:46 Double-Bit Axe
11:19 Horse Collar
19:50 Castle Age
17:56 Gold Mining
19:32 Forging
19:28 Scale Barding Armor
19:39 Bloodlines
30:50 Wheelbarrow
30:39 Bow Saw
31:13 Iron Casting
31:08 Chain Barding Armor
33:30 Careening
34:11 Husbandry
37:49 Imperial Age
36:47 Gold Shaft Mining
36:15 Heavy Plow
37:49 Cavalier
39:02 Paladin
41:00 Blast Furnace
41:10 Plate Barding Armor
Connection lost

Rejoining the realm…

Still unreachable

The connection could not be restored.

Session expired

The server has moved on; the page needs a fresh start.